 Dungeon Crawl Stone Soup version 0.28-a0-429-g1448048969 (webtiles) character file.

Game seed: 4291285462422745206

39807 zero the Protected (level 14, -6/91 HPs)
             Began as a Gargoyle Hunter on Sept 10, 2021.
             Was the Champion of Okawaru.
             Killed from afar by a fire dragon (10 damage)
             ... with a blast of flame
             ... on level 5 of the Lair of Beasts.
             The game lasted 00:36:30 (25414 turns).

zero the Protected (Gargoyle Hunter)               Turns: 25414, Time: 00:36:30

Health: -6/91      AC: 38    Str: 23    XL:     14   Next: 8%
Magic:  0/18       EV: 11    Int: 12    God:    Okawaru [******]
Gold:   839        SH: 12    Dex: 14    Spells: 19/19 levels left

rFire   + . .      SeeInvis .   b - +2 hand crossbow (venom)
rCold   + . .      Faith    .   y - +0 kite shield
rNeg    + . .      Spirit   +   k - +0 plate armour
rPois   ∞          Reflect  .   x - +1 helmet
rElec   +          Harm     .   w - scarf {rC+ rF+}
rCorr   .          Rampage  .   (no gloves)
Will    +....                   h - +2 pair of boots
Stlth   +.........              c - amulet of guardian spirit
HPRegen 0.25/turn               v - +4 ring of protection
MPRegen 0.16/turn               F - +6 ring of strength

@: mighty, heroic, flying
A: sickness immunity, AC +10, big wings, negative energy resistance 1,
electricity resistance, torment resistance 1, petrification resistance
a: Renounce Religion, Heroism, Finesse, Duel


You were on level 5 of the Lair of Beasts.
You worshipped Okawaru.
Okawaru was exalted by your worship.
You visited 3 branches of the dungeon, and saw 17 of its levels.
You also visited: Sewer.

You collected 1004 gold pieces.
You spent 165 gold pieces at shops.

Inventory:

Hand Weapons
 a - a +1 rapier of electrocution
 b - a +2 hand crossbow of venom (weapon)
Missiles
 A - 18 boomerangs
 D - 20 bolts (quivered ammo)
 K - 6 silver javelins
Armour
 h - a +2 pair of boots (worn)
 k - a +0 plate armour (worn)
 w - a scarf of resistance (worn)
 x - a +1 helmet (worn)
 y - a +0 kite shield (worn)
Jewellery
 c - an amulet of guardian spirit (around neck)
 v - a +4 ring of protection (left hand)
 F - a +6 ring of strength (right hand)
 L - a ring of see invisible
Wands
 r - a wand of flame (46)
 z - a wand of iceblast (13)
 I - a wand of polymorph (12)
 J - a wand of mindburst (3)
Scrolls
 e - 6 scrolls of teleportation
 j - a scroll of brand weapon
 m - a scroll of enchant armour
 o - a scroll of enchant weapon
 p - 3 scrolls of magic mapping
 q - 5 scrolls of fog
 t - 6 scrolls of identify
 B - a scroll of fear
 G - a scroll of amnesia
Potions
 d - 3 potions of attraction
 f - a potion of might
 g - 2 potions of mutation
 i - a potion of curing
 l - 6 potions of flight
 n - 2 potions of cancellation
 s - 2 potions of brilliance
 u - a potion of berserk rage
 C - 3 potions of ambrosia
 E - 2 potions of invisibility
 H - 3 potions of lignification


   Skills:
 + Level 11.6(16.6) Fighting
 - Level 6.0(11.0) Short Blades
 + Level 11.2(16.2) Crossbows
 - Level 4.0(9.0) Throwing
 + Level 11.6(16.6) Armour
 - Level 4.0(9.0) Dodging
 - Level 8.0(13.0) Stealth
 - Level 8.0(13.0) Shields
 + Level 3.0 Spellcasting
 - Level 5.0 Invocations
 - Level 5.0 Evocations


You had 19 spell levels left.
You didn't know any spells.
Your spell library contained the following spells:

 Spells                   Type           Power      Damage    Failure   Level
 Foxfire                  Conj/Fire      4%         2x1d4     94%         1
 Magic Dart               Conj           4%         1d3       94%         1
 Corpse Rot               Necr/Air       N/A        N/A       98%         2
 Passwall                 Tmut/Erth      0%         N/A       98%         2
 Searing Ray              Conj           2%         2d4       98%         2
 Conjure Flame            Conj/Fire      1%         6-21      100%        3
 Gell's Gravitas          Tloc           0%         N/A       100%        3
 Inner Flame              Hex/Fire       1%         N/A       100%        3
 Lesser Beckoning         Tloc           1%         N/A       100%        3
 Swiftness                Air            1%         N/A       100%        3
 Teleport Other           Tloc           1%         N/A       100%        3
 Dispel Undead            Necr           1%         3d6       100%        4
 Flame Wave               Conj/Fire      1%         3d3       100%        4
 Fulminant Prism          Conj/Hex       0%         3d6       100%        4
 Passage of Golubria      Tloc           N/A        N/A       100%        4
 Iskenderun's Battlesphe  Conj           1%         2d6       100%        5
 Yara's Violent Unravell  Hex/Tmut       0%         3d3       100%        5
 Invisibility             Hex            0%         N/A       100%        6
 Iron Shot                Conj/Erth      0%         9d1       100%        6
 Tukima's Dance           Hex            Unusable   N/A       N/A         3
 Death Channel            Necr           Unusable   N/A       N/A         6
 Spellforged Servitor     Conj/Summ      Unusable   N/A       N/A         7

Dungeon Overview and Level Annotations

Branches:
Dungeon (11/15)            Temple (1/1) D:4            Lair (5/6) D:8
 Shoals (0/4) Lair:2        Snake (0/4) Lair:3        Slime (0/5) Lair:5
  Sewer (visited)
    Orc: D:9-12

Altars:
Ashenzari
Cheibriados
Dithmenos
Elyvilon
Fedhas
Gozag
Hepliaklqana
Kikubaaqudgha
Makhleb
Nemelex Xobeh
Okawaru
Qazlal
Ru
Sif Muna
Trog
Uskayaw
Vehumet
Wu Jian
Xom
Yredelemnul
Zin
The Shining One

Shops:
D:5 =   D:8 **

Annotations:
D:10 3 runed translucent doors, bmj180's ghost, novice DrCj
Lair:1 1 runed translucent door, Ustrum's ghost, journeyman TeBe


Innate Abilities, Weirdness & Mutations

You are immune to sickness and miasma.
Your stone body is resilient. (AC +10)
You are immune to poison.
Your large and strong wings let you fly.
You resist negative energy. (rN+)
You are resistant to electric shocks. (rElec)
You are resistant to unholy torment.
You are immune to petrification.


Message History

Aim: a steam dragon (black smoke, fleeing, 76% to hit)
You shoot a bolt. The bolt hits the steam dragon!!
The steam dragon looks as sick as possible!
Your attack snaps the steam dragon out of its fear.
The steam dragon is almost dead.
Fire: 23 bolts
Press: ? - help, Q - select action, (/) - cycle Shift-Dir - straight line, f - rime drake
Aim: a rime drake (black smoke, lightly wounded, fleeing, 72% to hit)
You shoot a bolt. The bolt hits the rime drake!
The rime drake looks as sick as possible!
Your attack snaps the rime drake out of its fear.
The rime drake is heavily wounded.
Okawaru accepts your kill.
You feel a bit more experienced.
Your Spellcasting skill increases to level 3!
Fire: 22 bolts
Press: ? - help, Q - select action, (/) - cycle Shift-Dir - straight line, f - steam dragon, p - rime drake
Aim: a steam dragon (fleeing, 76% to hit)
You shoot a bolt.
The bolt hits the steam dragon but does no damage.
The steam dragon is poisoned.
Your attack snaps the steam dragon out of its fear.
The rime drake breathes ice at you. The flash freeze misses you.
Cornered, the fire dragon turns to fight!
Fire: 21 bolts
Press: ? - help, Q - select action, (/) - cycle Shift-Dir - straight line, f/p - steam dragon
Aim: a steam dragon (lava, very poisoned, 76% to hit)
You shoot a bolt. The bolt hits the steam dragon.
The steam dragon looks as sick as possible!
The steam dragon is lightly wounded.
The fire dragon breathes flames at you. The blast of flame hits you!
You resist.
* * * LOW HITPOINT WARNING * * *
The steam dragon breathes steam at you. The ball of steam hits you. You resist.
* * * LOW HITPOINT WARNING * * *
The fire dragon breathes flames at you. The blast of flame hits you!
You resist.
You die...

#.......... #.......P.
##......#.. ##≈.........
# ##......#.##. #k ###
#......#.....
#..#(≈######......##....
#....≈§#.##...≈8..##....
#..(.§@#..#............
#...(§.##..............
##.D.§D####≈...........
#### #(..≈.#
#...≈.P.....# ##..#
####(## #...........#
###...# ###
##..≈........ ###.....#
##..≈.....## #.......###
#####....P...##
###.....#.##
#..#.......#.##


You could see a fire dragon (catching breath) and a steam dragon (extremely
poisoned, catching breath).

Vanquished Creatures
  Nessos (Lair:4)
  8 hydras
  A two-headed ogre (D:7)
  Urug (Lair:4)
  2 lindwurms
  A manticore (D:7)
  4 elephants
  2 merfolk sirens (Lair:2)
  3 black mambas
  10 cane toads
  12 komodo dragons
  11 rime drakes
  2 merfolk (Lair:2)
  3 trolls
  7 dream sheep (Lair:2)
  15 blink frogs
  Sigmund (D:4)
  A shadow (D:7)
  9 wyverns
  5 yaks (Lair:5)
  9 steam dragons
  4 basilisks
  4 nagas (Lair:3)
  13 water moccasins
  Purgy (Sewer)
  A hornet zombie (D:6)
  8 orc warriors
  7 black bears
  2 necrophages
  2 ice beasts
  3 ogres
  13 wolves
  3 centaurs
  Blork the orc (D:5)
  2 kobold brigands
  2 phantoms (D:6)
  18 bullfrogs
  5 scorpions
  A wyvern skeleton (D:6)
  A water moccasin skeleton (D:4)
  18 killer bees
  3 wights (D:6)
  4 centaur zombies
  2 lava snakes (D:9)
  A bullfrog zombie (D:6)
  A hound (D:6)
  4 jellies
  Crazy Yiuf (D:5)
  2 bullfrog skeletons (D:6)
  6 orc priests
  A centaur skeleton (D:4)
  Terence (D:3)
  3 gnoll shamans
  11 hell rats
  10 iguanas
  12 orc wizards
  A hound zombie (D:5)
  12 gnolls
  10 adders
  2 shadow imps (D:7)
  2 white imps (D:7)
  2 ufetubi
  5 worms
  A dart slug (D:1)
  43 orcs
  5 endoplasms
  4 giant cockroaches
  5 goblins
  9 hobgoblins
  2 quokkas (D:3)
  11 ball pythons
  8 bats
  11 frilled lizards
  16 kobolds
  4 rats (D:1)
432 creatures vanquished.

Vanquished Creatures (others)
  A rime drake (Lair:5)
  An orc wizard (D:10)
  31 fungi
  28 plants
61 creatures vanquished.

Grand Total: 493 creatures vanquished

Notes
Turn   | Place    | Note
-------+----------+-------------------------------------------
     0 | D:1      | zero the Gargoyle Hunter began the quest for the Orb.
     0 | D:1      | Reached XP level 1. HP: 12/12 MP: 1/1
   169 | D:1      | Reached XP level 2. HP: 9/17 MP: 2/2
   628 | D:1      | Reached XP level 3. HP: 21/21 MP: 3/3
   646 | D:1      | Found a faded altar of an unknown god.
   759 | D:1      | Reached skill level 5 in Crossbows
  1671 | D:3      | Found a glowing drain.
  1721 | Sewer    | Entered a sewer
  1773 | Sewer    | Reached XP level 4. HP: 26/26 MP: 4/4
  1838 | Sewer    | Noticed Purgy
  1847 | Sewer    | Killed Purgy
  1848 | Sewer    | Reached XP level 5. HP: 20/30 MP: 5/5
  2281 | D:3      | Noticed Terence
  2292 | D:3      | Killed Terence
  2293 | D:3      | Reached XP level 6. HP: 24/35 MP: 6/6
  3406 | D:4      | Found an ornate altar of the Wu Jian Council.
  3510 | D:4      | Found a staircase to the Ecumenical Temple.
  3522 | Temple   | Entered the Ecumenical Temple
  3760 | Temple   | Became a worshipper of Warmaster Okawaru
  3833 | D:4      | Noticed Sigmund
  3834 | D:4      | Reached skill level 1 in Armour
  3855 | D:4      | Killed Sigmund
  3856 | D:4      | Reached skill level 1 in Short Blades
  3856 | D:4      | Reached skill level 1 in Throwing
  3856 | D:4      | Reached skill level 1 in Shields
  3856 | D:4      | Reached skill level 1 in Invocations
  3856 | D:4      | Reached XP level 7. HP: 26/40 MP: 7/7
  3983 | D:4      | Found a sacrificial altar of Ru.
  4019 | D:4      | Reached * piety under Okawaru
  4563 | D:4      | Reached XP level 8. HP: 20/46 MP: 9/9
  4914 | D:5      | Entered Level 5 of the Dungeon
  4914 | D:5      | Found Lienn's Jewellery Emporium.
  5654 | D:5      | Noticed Blork the orc
  5675 | D:5      | Killed Blork the orc
  5995 | D:5      | Found a sparkling altar of Nemelex Xobeh.
  6183 | D:5      | Found a runed translucent door.
  6184 | D:5      | Noticed Crazy Yiuf
  6455 | D:6      | Reached ** piety under Okawaru
  6948 | D:6      | Reached XP level 9. HP: 47/52 MP: 11/11
  7239 | D:5      | Killed Crazy Yiuf
  7251 | D:5      | Identified the +2 mace of Pemeon {vorpal, Str+4}
  7651 | D:6      | Found a shimmering blue altar of Sif Muna.
  7652 | D:6      | Found a basalt altar of Yredelemnul.
  7662 | D:6      | Reached *** piety under Okawaru
  7969 | D:6      | Reached skill level 5 in Armour
  7969 | D:6      | Reached skill level 5 in Shields
  8153 | D:6      | Reached skill level 5 in Fighting
  8564 | D:7      | Noticed a five-headed hydra
  8564 | D:7      | Noticed a two-headed ogre
  8565 | D:7      | Noticed a manticore
  8565 | D:7      | Noticed a troll
  9325 | D:8      | Found Fuetia Zeotz's Specific Store.
  9327 | D:8      | Found Butwesch's General Store.
  9352 | D:8      | Reached **** piety under Okawaru
  9353 | D:8      | Reached XP level 10. HP: 60/60 MP: 12/12
  9606 | D:8      | Found a staircase to the Lair.
  9993 | D:8      | Found a glowing silver altar of Zin.
 10654 | D:7      | Received a gift from Okawaru
 11002 | D:7      | Killed a two-headed ogre
 11002 | D:7      | Reached ***** piety under Okawaru
 11003 | D:7      | Reached skill level 5 in Short Blades
 11510 | D:7      | Received a gift from Okawaru
 11665 | D:7      | Found a hazy altar of Hepliaklqana.
 12207 | D:8      | Reached XP level 11. HP: 63/67 MP: 14/14
 12306 | D:8      | Found a snail-covered altar of Cheibriados.
 12538 | D:8      | Found a radiant altar of Vehumet.
 12797 | D:9      | Found a bloodstained altar of Trog.
 13109 | D:9      | Received a gift from Okawaru
 13518 | D:9      | Found a broken altar of Ashenzari.
 13786 | D:10     | Entered Level 10 of the Dungeon
 13824 | D:10     | Found a runed translucent gate.
 13826 | D:10     | Found a runed translucent gate.
 13828 | D:10     | Found a runed translucent gate.
 13893 | D:10     | Reached skill level 5 in Invocations
 14428 | D:10     | Noticed bmj180's ghost (novice DrCj)
 14624 | D:11     | Noticed a skeletal warrior
 14751 | D:5      | Bought a ring of see invisible for 165 gold pieces
 15049 | D:7      | Killed a manticore
 15185 | Lair:1   | Entered Level 1 of the Lair of Beasts
 15185 | Lair:1   | Noticed Ustrum's ghost (journeyman TeBe)
 15185 | Lair:1   | Noticed a +1 morningstar of chaos
 15185 | Lair:1   | Found a runed translucent door.
 15185 | Lair:1   | Found a shimmering altar of Xom.
 15422 | Lair:1   | Found a broken altar of Ashenzari.
 15505 | Lair:1   | Noticed a six-headed hydra
 15521 | Lair:1   | Killed a six-headed hydra
 15522 | Lair:1   | Reached skill level 1 in Evocations
 16033 | Lair:1   | Noticed a lindwurm
 16052 | Lair:1   | Killed a lindwurm
 16052 | Lair:1   | Received a gift from Okawaru
 16053 | Lair:1   | Reached skill level 5 in Stealth
 16464 | Lair:1   | Reached XP level 12. HP: 75/75 MP: 15/15
 17003 | Lair:2   | Noticed a six-headed hydra
 17010 | Lair:2   | Killed a six-headed hydra
 17054 | Lair:2   | Reached ****** piety under Okawaru
 17070 | Lair:2   | Received a gift from Okawaru
 17245 | Lair:2   | Noticed a five-headed hydra
 17258 | Lair:2   | Killed a five-headed hydra
 17479 | Lair:2   | Noticed a four-headed hydra
 17491 | Lair:2   | Killed a four-headed hydra
 18465 | Lair:2   | Found a staircase to the Shoals.
 18481 | Lair:2   | Received a gift from Okawaru
 19155 | Lair:3   | Found a staircase to the Snake Pit.
 19284 | Lair:3   | Reached XP level 13. HP: 78/82 MP: 13/16
 19344 | Lair:3   | Reached skill level 10 in Armour
 19447 | Lair:3   | Reached skill level 10 in Fighting
 19593 | Lair:3   | Reached skill level 5 in Evocations
 20244 | Lair:4   | Reached skill level 10 in Crossbows
 20716 | Lair:4   | Noticed Nessos
 20735 | Lair:4   | Killed Nessos
 21637 | Lair:5   | Noticed Urug
 21656 | Lair:4   | Killed Urug
 22336 | Lair:4   | Identified the +0 chain mail of the Poles {Harm} (Okawaru
                  | gifted it to you on level 4 of the Lair of Beasts)
 22336 | Lair:4   | Received a gift from Okawaru
 22762 | Lair:5   | HP: 3/84 [four-headed hydra (10)]
 23117 | Lair:5   | Found a staircase to the Slime Pits.
 23312 | Lair:5   | Reached skill level 1 in Spellcasting
 24570 | Lair:4   | Gained mutation: Your large and strong wings let you fly.
                  | [Gargoyle growth]
 24570 | Lair:4   | Reached XP level 14. HP: 36/90 MP: 7/17
 24797 | Lair:5   | Received a gift from Okawaru
 25412 | Lair:5   | HP: 4/91 [something/ball of steam (5)]
 25414 | Lair:5   | Killed from afar by a fire dragon

Illustrated notes

Levels and vault maps discovered:
D:1:      lightli_arrival_farm, layout_basic, basic_ecumenical_altar,
          minmay_pentomino_t2
D:2:      layout_basic, solitary_fountain
D:3:      layout_loops_ring, cheibrodos_sewer_entry_sluice, st_stairs_1,
          skrybe_limestone_x, minmay_cut_off, uniq_terence
D:4:      layout_basic, nicolae_ru_the_path_less_chosen,
          nicolae_wu_jian_wuxing_cycle, minmay_temple_entry_trees,
          minmay_box_of_dots, uniq_sigmund
D:5:      layout_cave_pools, nemelex_spade_bored_becter, serial_shops, shop,
          kennysheep_generic_room_11, uniq_blork_the_orc,
          uniq_crazy_yiuf_cottage
D:6:      layout_basic, gammafunk_temple_overflow_statue
D:7:      minmay_chambers_of_sevens, layout_basic, nzn_hepliaklqana_mist_gate
D:8:      layout_basic, mainiacjoe_overflow_brackets, cheibriados_altar_1,
          lemuel_tele_altar, minmay_lair_entry_grove, minmay_misc_feat_pillars,
          hex_intersection, nicolae_specific_store, grunt_ministairs_5
D:9:      layout_long_grid, mainiacjoe_overflow_alcove_1,
          mainiacjoe_overflow_alcove_4, grunt_decor_junction
D:10:     layout_rooms, gammafunk_ghost_necromancy
D:11:     layout_big_octagon, minmay_orc_entry_temple_large,
          ebering_ghost_inner_flame
Temple:   bh_familiar_temple
Lair:1:   layout_concentric_octagons, nicolae_volcano_entry_vermiform,
          basic_altar, ebering_ghost_xom, chequers_serial_rivers_marsh
Lair:2:   beast_lair_carwin_large_4, layout_regular_city,
          elwin_shoals_entry_stream, lemuel_fruit_fields
Lair:3:   layout_regular_city, minmay_snake_entry_guardpost_small, minmay_holes,
          lemuel_fruit_fields, serial_bayou_shore_b, serial_bayou_shore_b
Lair:4:   layout_concentric_octagons, grunt_megastairs_2, uniq_nessos
Lair:5:   layout_misc_corridors, slime_dummy, special_room
          [special_room_mythical_zoo], bobbens_dragon_lair_wall,
          infiniplex_staircase_pool, uniq_urug

Skill      XL: |  1  2  3  4  5  6  7  8  9 10 11 12 13 14 |
---------------+-------------------------------------------+-----
Crossbows      | 5 6 7 8 9 11 | 11.2
Armour         | 1 2 4 5 7 8 9 11 | 11.6
Short Blades   | 1 2 3 5 6 |  6.0
Throwing       | 1 2 3 4 |  4.0
Stealth        | 2 4 5 7 8 |  8.0
Shields        | 1 2 4 5 7 8 |  8.0
Invocations    | 1 2 3 4 5 |  5.0
Fighting       | 3 4 5 7 8 9 11 | 11.6
Dodging        | 3 4 |  4.0
Evocations     | 2 4 5 |  5.0
Spellcasting   | 2 3 |  3.0

Action                   |  1- 3 |  4- 6 |  7- 9 | 10-12 | 13-15 || total
-------------------------+-------+-------+-------+-------+-------++-------
Melee: Short sword       |     8 |   150 |   204 |       |       ||   362
       Unarmed           |       |       |     2 |       |       ||     2
       Rapier            |       |       |   168 |   366 |   279 ||   813
       Hand crossbow     |       |       |       |     1 |       ||     1
 Fire: Hand crossbow     |   104 |    64 |    25 |   387 |   160 ||   740
Throw: Javelin           |       |     1 |    37 |    21 |     2 ||    61
       Throwing net      |       |       |     1 |     5 |       ||     6
       Boomerang         |       |       |       |    38 |    74 ||   112
Invok: Heroism           |       |       |       |     1 |     1 ||     2
       Finesse           |       |       |       |     1 |       ||     1
Evoke: Wand              |       |       |       |     1 |     5 ||     6
  Use: Potion            |       |     4 |     2 |       |     2 ||     8
       Scroll            |       |       |    18 |    12 |     3 ||    33
 Stab: Sleeping          |       |     1 |     4 |       |       ||     5
       Held in net/web   |       |       |       |     2 |       ||     2
Armor: Leather armour    |    11 |    98 |   242 |       |       ||   351
       Plate armour      |       |       |    11 |   685 |   511 ||  1207
Dodge: Dodged            |    13 |    85 |   162 |   240 |   210 ||   710
Block: Kite shield       |       |    21 |   193 |   455 |   349 ||  1018

Table legend: (Time is in decaauts)
 A = Elapsed time spent in this place.
 B = Non-inter-level travel time spent in this place.
 C = Inter-level travel time spent in this place.
 D = Time resting spent in this place.
 E = Time spent auto-exploring this place.
 F = Levels seen in this place.
 G = Mean time per level.
                   A        B        C        D        E       F      G
               +--------+--------+--------+--------+--------+-----+--------+
         Total |  25815 |  24551 |   1264 |   6870 |  13113 |  18 | 1434.2 |
       Dungeon |  15020 |  14101 |    919 |   3620 |   7723 |  11 | 1365.5 |
        Temple |    261 |    220 |     41 |      0 |    215 |   1 |  261.0 |
          Lair |  10195 |   9891 |    304 |   3155 |   4988 |   5 | 2039.0 |
         Sewer |    337 |    337 |      0 |     95 |    186 |   1 |  337.0 |
               +--------+--------+--------+--------+--------+-----+--------+

Top non-repeatable levels by time:
  Lair:4: 3907 daAuts
     D:7: 2756 daAuts
     D:8: 2290 daAuts
     D:6: 2192 daAuts
  Lair:2: 1779 daAuts
  Lair:1: 1671 daAuts
     D:4: 1532 daAuts
     D:5: 1458 daAuts
  Lair:5: 1423 daAuts
     D:3: 1422 daAuts
  Lair:3: 1413 daAuts
     D:1: 1023 daAuts
    D:10: 865 daAuts
     D:9: 835 daAuts
     D:2: 634 daAuts
